 Dungeon Sprint DCSS version 0.30-a0-534-gdc55766716 (webtiles) character file.

Game seed: 17013613779734581311

67342 rocky1 the Warrior (level 13, -22/140 HPs)
             Began as a Minotaur Fighter on Dec 25, 2022.
             Was the Champion of Okawaru.
             Annihilated by an iron golem (34 damage)
             ... in the Dungeon (Sprint III: "The Ten Rune Challenge").
             The game lasted 00:23:09 (6269 turns).

rocky1 the Warrior (Minotaur Fighter)               Turns: 6269, Time: 00:23:10

Health: -22/140    AC: 24    Str: 31    XL:     13   Next: 68%
Magic:  19/19      EV: 13    Int:  7    God:    Okawaru [******]
Gold:   114        SH: 16    Dex: 11    Spells: 12/12 levels left

rFire   + . .      SeeInvis .    a - +9 broad axe
rCold   + . .      Faith    .    v - +1 kite shield {reflect}
rNeg    + + .      Spirit   .    d - +4 chain mail {Will+}
rPois   +          Reflect  +    E - +1 hat
rElec   .          Harm     .    k - +1 cloak
rCorr   .          Rampage  .    (no gloves)
Will    ++...      NoTele   +    w - +2 pair of boots "Lev Cawkoi" {-Tele rN++ Will+ Int+2} Stlth
                                 t - amulet of regeneration
HPRegen 1.23/turn                s - +6 ring of strength
MPRegen 0.16/turn                y - ring "Syep" {rPois rF+ rC+}

@: hasted, very quick
A: horns 2, retaliatory headbutt
}: 2/10 runes: decaying, barnacled
a: Renounce Religion, Heroism, Finesse


You were in the Dungeon.
You worshipped Okawaru.
Okawaru was exalted by your worship.
You visited 1 branch You collected 2586 gold pieces.
You spent 2472 gold pieces at shops.

Inventory:

Hand Weapons
 a - a +9 broad axe (weapon)
 b - the +9 sling of the Dungeon {drain, rPois Str+4 Dex+4}
   (You found it in the Dungeon)

   A truly terrible weapon, it drains the life of any living foe it strikes.
   Str:       It affects your strength (+4).
   Dex:       It affects your dexterity (+4).
   rPois:     It protects you from poison.
 u - a +4 war axe of holy wrath
 F - a +6 morningstar of draining
Missiles
 f - 8 javelins
 i - 10 curare-tipped darts (quivered)
 J - 5 atropa-tipped darts
Armour
 d - a +4 chain mail of willpower (worn)
 k - a +1 cloak (worn)
 m - a scarf of invisibility
 r - a +3 leather armour of fire resistance
 v - a +1 kite shield of reflection (worn)
 w - the +2 pair of boots "Lev Cawkoi" (worn) {-Tele rN++ Will+ Int+2}
   (You bought it in a shop in the Dungeon)

   Int:       It affects your intelligence (+2).
   rN:        It greatly protects you from negative energy.
   -Tele:     It prevents most forms of teleportation.
   Will:      It increases your willpower.
 E - a +1 hat (worn)
 H - +0 ice dragon scales
Jewellery
 s - a +6 ring of strength (left hand)
 t - an amulet of regeneration (around neck)
 x - a ring of resist corrosion
 y - the ring "Syep" (right hand) {rPois rF+ rC+}
   (You found it in the Dungeon)

   [ring of protection from cold]

   rF:        It protects you from fire.
   rC:        It protects you from cold.
   rPois:     It protects you from poison.
 K - a ring of protection from cold
 O - a +6 ring of strength
Wands
 g - a wand of polymorph (10)
Scrolls
 j - a scroll of blinking
 l - a scroll of poison
 o - a scroll of immolation
 z - a scroll of enchant armour
 A - 2 scrolls of fear
 B - a scroll of fog
Potions
 c - 3 potions of haste
 e - a potion of heal wounds
 h - 2 potions of magic
 n - 3 potions of flight
 p - 2 potions of lignification
 q - 5 potions of mutation
 C - 5 potions of curing
 D - 2 potions of attraction
 G - 2 potions of invisibility {unknown}
 I - a potion of might
 L - a potion of degeneration {unknown}
 M - a potion of brilliance {unknown}
Miscellaneous
 N - a phantom mirror


   Skills:
 + Level 20.3 Fighting
 + Level 20.1(21.7) Axes
 + Level 14.1(18.8) Maces & Flails
 + Level 10.0 Ranged Weapons
 - Level 2.1 Throwing
 + Level 14.9 Armour
 + Level 13.3 Dodging
 + Level 20.3 Shields
 - Level 9.4 Invocations


You had 12 spell levels left.
You didn't know any spells.
Your spell library contained the following spells:

 Spells                   Type           Power      Damage    Failure   Level
 Apportation              Tloc           0%         N/A       89%         1
 Kiss of Death            Conj/Necr      0%         2d5       89%         1
 Slow                     Hex            0%         N/A       89%         1
 Confusing Touch          Hex            0%         N/A       99%         3
 Gell's Gravitas          Tloc           0%         N/A       99%         3
 Teleport Other           Tloc           0%         N/A       99%         3
 Vampiric Draining        Necr           0%         2d6       99%         3
 Dispel Undead            Necr           0%         3d6       100%        4
 Alistair's Intoxication  Tmut/Pois      0%         N/A       100%        5
 Dispersal                Tloc           0%         N/A       100%        6


Dungeon Overview and Level Annotations

Branches:
Dungeon (1/1)

Altars:
Cheibriados
Dithmenos
Elyvilon
Fedhas
Gozag
Hepliaklqana
Kikubaaqudgha
Makhleb
Nemelex Xobeh
Okawaru
Qazlal
Ru
Sif Muna
Trog
Uskayaw
Vehumet
Wu Jian
Xom
Yredelemnul
Zin
The Shining One
Jiyva
Lugonu

Shops:
D :(!*?[==[[(=*!!*?:


Innate Abilities, Weirdness & Mutations

You have a pair of horns on your head.
You reflexively headbutt those who attack you in melee.


Message History

You headbutt the iron golem, but do no damage.
The iron golem is heavily damaged.
The iron golem hits you!! The iron golem closely misses you.
You hit the iron golem but do no damage.
The iron golem is heavily damaged.
You hit the iron golem but do no damage.
The iron golem is heavily damaged.
You block the iron golem's attack. x2
You slice the iron golem!!
The iron golem is heavily damaged.
The iron golem misses you. You block the iron golem's attack.
You barely miss the iron golem.
You headbutt the iron golem, but do no damage.
The iron golem is heavily damaged.
You hit the iron golem but do no damage.
Your headbutt misses the iron golem.
The iron golem is heavily damaged.
The iron golem closely misses you. You furiously retaliate!
You headbutt the iron golem! The iron golem barely misses you.
You hit the iron golem.
The iron golem is severely damaged.
You open the iron golem like a pillowcase!!!
You headbutt the iron golem.
The iron golem is almost destroyed.
The iron golem hits you!!
* * * LOW HITPOINT WARNING * * *
You block the iron golem's attack.
You barely miss the iron golem. Your headbutt misses the iron golem.
The iron golem is almost destroyed.
You slice the iron golem!!
You headbutt the iron golem, but do no damage.
The iron golem is almost destroyed.
You block the iron golem's attack. The iron golem hits you!
* * * LOW HITPOINT WARNING * * *
You hit the iron golem.
The iron golem is almost destroyed.
You slash the iron golem!
The iron golem is almost destroyed.
The iron golem hits you!!
You die...

.#....)#)#..#......#
.#...).#)#..'......#
.#.#.#.'.#..#......#
##..#..#.#..#......#
.#)....###########'#
.#######****######.#
.#,,,,,+,,,,#..#≈≈.#
.#,******,,,#..#≈≈.#
.#,,,+,,**,,#..9@..#
##,,,*,,,**,+..#≈≈.#
******,,,,**#..#≈≈.#
,*,,,,,,,,,,#..#≈≈.#
,*+*********▓▓▓▓▓▓▓▓
,*,,*,,,,,,,,,,,,,,*
,*,,*,,,,,,,,,,,,,,*
,*,^*,,**********,,*
**,,*^,*,,,,,,,,*,,*


You could see an iron golem.

Vanquished Creatures
  Rupert (D)
  Polyphemus (D)
  Frances (D)
  Chuck (D)
  Gastronok (D)
  Donald (D)
  Ilsuiw (D)
  A ghost moth (shapeshifter) (D)
  2 dire elephants (D)
  A merfolk javelineer (D)
  Josephine (D)
  A fire dragon (D)
  A yaktaur captain (D)
  3 hydras (D)
  4 ice dragons (D)
  3 centaur warriors (D)
  4 dancing weapons (D)
  4 death yaks (D)
  Urug (D)
  A shock serpent (shapeshifter) (D)
  4 deep elf knights (D)
  A skeletal warrior (D)
  A sea snake (D)
  A spriggan druid (D)
  A death drake (D)
  An obsidian statue (D)
  A lindwurm (D)
  2 deep elf pyromancers (D)
  An ugly thing (D)
  2 elephants (D)
  A torpor snail (shapeshifter) (D)
  2 black mambas (D)
  2 cane toads (D)
  A komodo dragon (D)
  An unseen horror (D)
  A rime drake (D)
  4 spriggan defenders (D)
  A slime creature (D)
  2 tyrant leeches (D)
  8 blink frogs (D)
  3 dream sheep (D)
  2 spriggans (D)
  A shadow (D)
  3 redbacks (D)
  A spatial vortex (D)
  A hydra simulacrum (D)
  A swamp drake (D)
  An orc warrior (D)
  2 centaurs (D)
  An earth elemental (D)
  3 wandering mushrooms (D)
  A necrophage (D)
  A water elemental (D)
  An electric eel (D)
  9 orc priests (D)
  A jelly (D)
  Crazy Yiuf (D)
  Jessica (D)
  A wizard (D)
  A necromancer (D)
  4 orc wizards (D)
  4 wolf simulacra (D)
  A kobold demonologist (D)
  3 humans (D)
  2 swamp drake simulacra (D)
  8 orcs (D)
  2 endoplasms (D)
  A rat (D)
  8 bushes (D)
141 creatures vanquished.

Vanquished Creatures (others)
  22 plants (D)
22 creatures vanquished.

Grand Total: 163 creatures vanquished

Notes
Turn   | Place    | Note
-------+----------+-------------------------------------------
     0 | D        | rocky1 the Minotaur Fighter began the quest for the Orb.
     0 | D        | Reached XP level 1. HP: 19/19 MP: 0/0
    32 | D        | Noticed Jessica
    35 | D        | Killed Jessica
    36 | D        | Reached skill level 5 in Fighting
    36 | D        | Reached skill level 5 in Shields
    36 | D        | Reached XP level 2. HP: 23/29 MP: 1/1
    36 | D        | Reached XP level 3. HP: 29/36 MP: 2/2
    73 | D        | Noticed Crazy Yiuf
    79 | D        | Killed Crazy Yiuf
    80 | D        | Reached skill level 5 in Axes
   123 | D        | Reached XP level 4. HP: 36/45 MP: 3/3
   165 | D        | Noticed a water elemental
   171 | D        | Killed a water elemental
   272 | D        | Found a hide-covered altar of Uskayaw.
   272 | D        | Found an iron altar of Okawaru.
   272 | D        | Found a bloodstained altar of Trog.
   272 | D        | Found an ornate altar of the Wu Jian Council.
   272 | D        | Noticed a human
   274 | D        | Noticed a human
   282 | D        | Killed a human
   283 | D        | Reached XP level 5. HP: 32/57 MP: 4/4
   283 | D        | Reached XP level 6. HP: 36/63 MP: 5/5
   283 | D        | Killed a human
   284 | D        | Reached skill level 10 in Fighting
   284 | D        | Reached skill level 10 in Axes
   284 | D        | Reached skill level 10 in Shields
   287 | D        | Became a worshipper of Warmaster Okawaru
   498 | D        | Found a radiant altar of Vehumet.
   498 | D        | Found a shimmering blue altar of Sif Muna.
   498 | D        | Found an ancient bone altar of Kikubaaqudgha.
   505 | D        | Noticed a hellwing
   511 | D        | Reached skill level 1 in Invocations
   575 | D        | Found a glowing silver altar of Zin.
   575 | D        | Found a glowing golden altar of the Shining One.
   575 | D        | Found a white marble altar of Elyvilon.
   576 | D        | Noticed a deep elf pyromancer
   585 | D        | Killed a deep elf pyromancer
   585 | D        | Reached * piety under Okawaru
   586 | D        | Reached XP level 7. HP: 31/75 MP: 5/9
   725 | D        | Found a basalt altar of Yredelemnul.
   725 | D        | Found a shadowy altar of Dithmenos.
   725 | D        | Found a sacrificial altar of Ru.
   769 | D        | Noticed a shadow
   774 | D        | Killed a shadow
   775 | D        | Reached skill level 5 in Invocations
   775 | D        | Reached XP level 8. HP: 68/83 MP: 9/11
   796 | D        | Found a blossoming altar of Fedhas.
   796 | D        | Found a stormy altar of Qazlal.
   796 | D        | Found a snail-covered altar of Cheibriados.
   796 | D        | Found a burning altar of Makhleb.
   796 | D        | Found a shimmering altar of Xom.
   797 | D        | Found a hazy altar of Hepliaklqana.
   797 | D        | Found an opulent altar of Gozag.
   797 | D        | Found a sparkling altar of Nemelex Xobeh.
   797 | D        | Found a corrupted altar of Lugonu.
   797 | D        | Found a viscous altar of Jiyva.
   803 | D        | Reached ** piety under Okawaru
   824 | D        | Noticed Josephine
   838 | D        | Killed Josephine
   838 | D        | Reached *** piety under Okawaru
   946 | D        | Reached XP level 9. HP: 73/93 MP: 13/13
  1010 | D        | Noticed a centaur warrior
  1019 | D        | Killed a centaur warrior
  1156 | D        | Noticed a wandering mushroom
  1284 | D        | Noticed a wandering mushroom
  1286 | D        | Noticed a wandering mushroom
  1550 | D        | Noticed a cane toad
  1550 | D        | Noticed a komodo dragon
  1550 | D        | Noticed a cane toad
  1555 | D        | Killed a cane toad
  1555 | D        | Reached **** piety under Okawaru
  1564 | D        | Killed a cane toad
  1573 | D        | Killed a komodo dragon
  1574 | D        | Reached skill level 15 in Fighting
  1574 | D        | Reached skill level 15 in Shields
  1574 | D        | Reached XP level 10. HP: 6/105 MP: 14/16
  1948 | D        | Reached skill level 1 in Dodging
  2038 | D        | Received a gift from Okawaru
  2039 | D        | Reached skill level 15 in Axes
  2299 | D        | Found Bofear's General Store.
  2325 | D        | Reached skill level 5 in Armour
  2380 | D        | Bought a scroll of magic mapping for 90 gold pieces
  2380 | D        | Bought a scroll of enchant armour for 90 gold pieces
  2591 | D        | Noticed a deep elf knight
  2591 | D        | Noticed a deep elf knight
  2591 | D        | Noticed a deep elf knight
  2591 | D        | Noticed a deep elf knight
  2591 | D        | Noticed a deep elf pyromancer
  2601 | D        | Killed a deep elf knight
  2607 | D        | Killed a deep elf knight
  2609 | D        | Killed a deep elf pyromancer
  2614 | D        | Killed a deep elf knight
  2614 | D        | Reached ***** piety under Okawaru
  2615 | D        | Reached skill level 5 in Dodging
  2624 | D        | Killed a deep elf knight
  2625 | D        | Reached skill level 5 in Maces & Flails
  2740 | D        | Noticed Donald
  2740 | D        | Noticed Frances
  2746 | D        | Noticed a rust devil
  2752 | D        | Killed Frances
  2753 | D        | Reached XP level 11. HP: 115/115 MP: 9/17
  2762 | D        | Killed Donald
  2762 | D        | Identified the +3 robe of Hopscotch {rC+ Archmagi} (Okawaru
                  | gifted it to you in the Dungeon)
  2762 | D        | Received a gift from Okawaru
  3213 | D        | Noticed a lindwurm
  3220 | D        | Killed a lindwurm
  3317 | D        | Noticed Urug
  3326 | D        | Killed Urug
  3625 | D        | Reached skill level 10 in Armour
  3772 | D        | Noticed an obsidian statue
  3779 | D        | Noticed a sixfirhy
  3784 | D        | Killed an obsidian statue
  3949 | D        | Found Cavuizo's Jewellery Emporium.
  3949 | D        | Found Haapti's Distillery.
  3949 | D        | Found Gelaf's Book Shoppe.
  3949 | D        | Found Reideucw's Antique Weapon Boutique.
  3949 | D        | Found Ohiveama's Assorted Antiques.
  3949 | D        | Found Wippe's Magic Scroll Shop.
  3949 | D        | Found Owahel's Assorted Antiques.
  3949 | D        | Found Joexex's Distillery.
  3950 | D        | Found Megekyh's Antique Armour Boutique.
  3950 | D        | Found Nyngueb's Antique Armour Shoppe.
  3950 | D        | Found Zuffes's Jewellery Shop.
  3981 | D        | Bought a potion of heal wounds for 50 gold pieces
  3981 | D        | Bought a potion of curing for 30 gold pieces
  3981 | D        | Bought 2 potions of curing for 60 gold pieces
  3981 | D        | Bought 2 potions of haste for 200 gold pieces
  3982 | D        | Bought a +6 ring of strength for 432 gold pieces
  3982 | D        | Bought an amulet of regeneration for 360 gold pieces
  3988 | D        | Bought a pair of fine boots for 190 gold pieces
  3988 | D        | Identified the +2 pair of boots "Lev Cawkoi" {-Tele rN++
                  | Will+ Int+2} (You bought it in a shop in the Dungeon)
  3988 | D        | Bought a coral ring for 100 gold pieces
  3989 | D        | Bought a scroll of enchant weapon for 90 gold pieces
  3989 | D        | Bought a scroll of enchant armour for 90 gold pieces
  3989 | D        | Bought a scroll of enchant weapon for 90 gold pieces
  3989 | D        | Bought a scroll of fear for 48 gold pieces
  3989 | D        | Bought a scroll of fog for 48 gold pieces
  3989 | D        | Bought a scroll of blinking for 90 gold pieces
  3989 | D        | Bought a scroll of enchant weapon for 90 gold pieces
  3990 | D        | Bought a scroll of identify for 42 gold pieces
  3990 | D        | Bought a potion of heal wounds for 105 gold pieces
  3990 | D        | Bought a metallic inky potion for 18 gold pieces
  3990 | D        | Bought a potion of curing for 63 gold pieces
  3990 | D        | Bought a metallic inky potion for 18 gold pieces
  3992 | D        | Bought a potion of flight for 30 gold pieces
  4024 | D        | Reached skill level 1 in Throwing
  4203 | D        | Noticed a centaur warrior
  4207 | D        | Killed a centaur warrior
  4221 | D        | Identified the +9 sling of the Dungeon {drain, rPois Str+4
                  | Dex+4}
  4229 | D        | Noticed a fire dragon
  4238 | D        | Killed a fire dragon
  4238 | D        | Reached ****** piety under Okawaru
  4239 | D        | Reached skill level 1 in Ranged Weapons
  4269 | D        | Noticed a centaur warrior
  4277 | D        | Killed a centaur warrior
  4278 | D        | Reached XP level 12. HP: 127/127 MP: 18/18
  4393 | D        | Identified the ring "Syep" {rPois rF+ rC+}
  4506 | D        | Found the +7 Spriggan's Knife {stab, EV+4 Stlth+}
  4519 | D        | Identified the +3 war axe of Ymuol {drain, rF+ rN+ Int+3}
                  | (Okawaru gifted it to you in the Dungeon)
  4519 | D        | Received a gift from Okawaru
  4540 | D        | Reached skill level 10 in Maces & Flails
  4572 | D        | Noticed an anaconda
  4572 | D        | an anaconda changed into a steelbarb worm
  4580 | D        | Noticed an ice dragon
  4582 | D        | Reached skill level 10 in Dodging
  4584 | D        | an ice dragon changed into an anaconda
  4584 | D        | Noticed an anaconda (glowing shapeshifter)
  4585 | D        | an anaconda changed into a glowing orange brain
  4591 | D        | a slime creature changed into a spark wasp
  4591 | D        | Noticed a spark wasp (glowing shapeshifter)
  4593 | D        | a spark wasp changed into something unseen
  4603 | D        | Noticed a quicksilver ooze
  4604 | D        | a quicksilver ooze changed into a spark wasp
  4604 | D        | Noticed a spark wasp (glowing shapeshifter)
  4606 | D        | a spark wasp changed into something unseen
  4610 | D        | Killed a ghost moth
  4820 | D        | Noticed Rupert
  4831 | D        | Killed Rupert
  4832 | D        | Reached skill level 5 in Ranged Weapons
  4940 | D        | Noticed an azure jelly
  4940 | D        | Noticed an azure jelly
  4940 | D        | Noticed an azure jelly
  4940 | D        | Noticed an azure jelly
  4942 | D        | Noticed a dire elephant
  4942 | D        | Noticed a dire elephant
  4942 | D        | Noticed Gastronok
  4953 | D        | Killed Gastronok
  4956 | D        | Killed a dire elephant
  4956 | D        | Received a gift from Okawaru
  4959 | D        | Killed a dire elephant
  5065 | D        | Noticed a death yak
  5066 | D        | Noticed a death yak
  5071 | D        | Noticed a death yak
  5072 | D        | Noticed a death yak
  5073 | D        | Killed a death yak
  5076 | D        | Killed a death yak
  5079 | D        | Killed a death yak
  5085 | D        | Killed a death yak
  5096 | D        | Reached XP level 13. HP: 137/137 MP: 19/19
  5187 | D        | Found Heugouli's Book Shoppe.
  5187 | D        | Found Wimnuol's Antique Weapon Boutique.
  5187 | D        | Found Paicsul's Distillery.
  5228 | D        | Got a decaying rune of Zot
  5246 | D        | Bought a potion of might for 48 gold pieces
  5422 | D        | Received a gift from Okawaru
  5436 | D        | Found a blossoming altar of Fedhas.
  5502 | D        | Identified the +4 dagger of Recklessness {flame, rPois rF+
                  | Int-3}
  5552 | D        | Noticed Polyphemus
  5566 | D        | Killed Polyphemus
  5566 | D        | Received a gift from Okawaru
  5587 | D        | Noticed Ilsuiw
  5589 | D        | Found Xyas's Magic Scroll Emporium.
  5599 | D        | Found Yryquk's Antique Armour Shop.
  5635 | D        | Killed Ilsuiw
  5741 | D        | Found Kaxyuf's Jewellery Shoppe.
  5742 | D        | Noticed a merfolk javelineer
  5754 | D        | Killed a merfolk javelineer
  5790 | D        | Got a barnacled rune of Zot
  6004 | D        | Noticed Chuck
  6015 | D        | Killed Chuck
  6230 | D        | Noticed an iron golem
  6238 | D        | Reached skill level 10 in Ranged Weapons
  6269 | D        | Annihilated by an iron golem

Illustrated notes

Levels and vault maps discovered:
D:        dungeon_sprint_mu [sprint_mu_entry_forest, sprint_mu_temple_rooms,
          sprint_mu_d1_horrors, sprint_mu_d2_genie, sprint_mu_d3_branching,
          sprint_mu_orc_legion, sprint_mu_elf_gauntlet, sprint_mu_hive_nellie,
          sprint_mu_lair_fedhas, sprint_mu_vaults_butterflies,
          sprint_mu_slime_circle, sprint_mu_swamp_cave, sprint_mu_shoals_archi,
          sprint_mu_blade_basic, sprint_mu_crypt_fortress,
          sprint_mu_tomb_spiral, sprint_mu_vestibule_basic,
          sprint_mu_gehenna_hellfire, sprint_mu_dis_giant,
          sprint_mu_tartarus_statrot, sprint_mu_cocytus_islands, sprint_mu_zot1]

Skill      XL: |  1  2  3  4  5  6  7  8  9 10 11 12 13 |
---------------+----------------------------------------+-----
Fighting       | 5 6 9 11 12 13 15 16 17 19 20 | 20.3
Axes           | 4 6 9 11 12 13 14 16 17 19 20 | 20.1
Shields        | 5 6 9 11 12 13 15 16 17 19 20 | 20.3
Invocations    | 4 5 7 9 |  9.4
Dodging        | 6 9 11 13 | 13.3
Armour         | 8 10 13 14 | 14.9
Maces & Flails | 6 9 12 14 | 14.1
Throwing       | 2 |  2.1
Ranged Weapons | 2 7 10 | 10.0

Action                   |  1- 3 |  4- 6 |  7- 9 | 10-12 | 13-15 || total
-------------------------+-------+-------+-------+-------+-------++-------
Melee: War axe           |    13 |    30 |   100 |   147 |     4 ||   294
       Headbutt          |     3 |     5 |    23 |    78 |    57 ||   166
       Broad axe         |       |       |       |   158 |   170 ||   328
       Flail             |       |       |       |       |    14 ||    14
 Fire: Sling             |       |       |       |       |    13 ||    13
Invok: Heroism           |       |       |     1 |     4 |       ||     5
       Finesse           |       |       |       |     3 |       ||     3
  Use: Potion            |       |     4 |       |     3 |     4 ||    11
       Scroll            |       |       |       |    10 |       ||    10
 Stab: Confused          |       |       |       |     1 |       ||     1
Armor: Scale mail        |     2 |    11 |    26 |    12 |       ||    51
       Plate armour      |       |       |       |    69 |    13 ||    82
       Ice dragon scales |       |       |       |       |    27 ||    27
       Chain mail        |       |       |       |       |    19 ||    19
Dodge: Dodged            |     4 |     7 |    25 |    45 |    69 ||   150
Block: Buckler           |     3 |     7 |    22 |    18 |       ||    50
       Kite shield       |       |       |       |    87 |    98 ||   185
       Reflection        |       |       |       |     1 |     2 ||     3

Table legend: (Time is in decaauts)
 A = Elapsed time spent in this place.
 B = Non-inter-level travel time spent in this place.
 C = Inter-level travel time spent in this place.
 D = Time resting spent in this place.
 E = Time spent auto-exploring this place.
 F = Levels seen in this place.
 G = Mean time per level.
                   A        B        C        D        E       F      G
               +--------+--------+--------+--------+--------+-----+--------+
         Total |   6191 |   5681 |    510 |   3835 |     42 |   1 | 6191.0 |
       Dungeon |   6191 |   5681 |    510 |   3835 |     42 |   1 | 6191.0 |
               +--------+--------+--------+--------+--------+-----+--------+

Top non-repeatable levels by time:
       D: 6191 daAuts
